Map: Chantier naval orbital

Players

Darkthur

  • Race: Terran Terran
  • League: Platinum

LÉopOLDineFr - Winner!

  • Race: Terran Terran
  • League: Platinum

VOD

Have the link to the VOD?

Description

Time

  • Played on: Nov. 25, 2015, 4:45 p.m.
  • Length: 10:20
Show
View Real Time Build Order
Export as new Build Order

Darkthur Terran 

Build Orders: Reaper Expand, MMM Bio 

Get SALT Encoding   

  12  0:01  SCV  
  13  0:13  SCV  
  14  0:18  Supply Depot  
  14  0:25  SCV  
  15  0:40  SCV, Barracks  
  16  0:45  Refinery  
  16  0:53  SCV  
  17  1:08  SCV  
  18  1:20  SCV  
  19  1:29  Reaper  
  19  1:32  Orbital Command  
  20  1:47  Command Center  
  20  1:58  Barracks  
  20  1:59  SCV  
  21  2:01  Barracks Tech Lab  
  21  2:07  Supply Depot  
  21  2:13  SCV  
  22  2:33  SCV  
  22  2:34  Marauder  
  25  2:40  Barracks  
  24  2:46  SCV, Stimpack  
  24  2:49  Refinery  
  25  2:51  Barracks Reactor  
  25  2:57  Marauder  
  27  2:59  SCV  
  27  3:05  Orbital Command  
  28  3:17  SCV  
  31  3:20  Marauder  
  31  3:27  Marine x2  
  31  3:29  SCV  
  31  3:30  Barracks Reactor  
  34  3:34  Engineering Bay  
  34  3:36  SCV  
  36  3:41  SCV  
  36  3:43  Marauder  
  36  3:48  SCV, Marine x2  
  39  3:51  Supply Depot  
  39  3:54  SCV  
  42  4:03  Missile Turret  
  42  4:05  SCV  
  42  4:06  SCV  
  42  4:07  Marine  
  42  4:08  Marine  
  46  4:11  Missile Turret  
  46  4:13  Marine  
  46  4:16  Factory  
  47  4:17  SCV  
  47  4:19  Marine  
  47  4:21  SCV  
  50  4:29  Supply Depot  
  50  4:31  Supply Depot, SCV  
  50  4:33  Marine x2  
  50  4:34  Marine  
  54  4:46  Combat Shields, Marine  
  54  4:47  Marauder  
  54  4:50  SCV x2  
  59  4:53  Marine x2  
  59  4:54  Marine  
  59  4:58  Terran Infantry Weapons Level 1  
  62  5:01  Starport, Factory Reactor  
  62  5:05  SCV x2  
  64  5:09  Marauder  
  64  5:11  Marine  
  64  5:12  Marine x2  
  64  5:13  Marine  
  70  5:17  SCV  
  71  5:33  Marine  
  71  5:34  Marine  
  73  5:37  Marine x2  
  73  5:41  Command Center  
  73  5:42  Supply Depot  
  75  5:47  Medivac  
  77  5:51  Medivac  
  77  5:52  Supply Depot, SCV  
  77  5:53  SCV, Marine  
  82  6:03  Marine  
  82  6:04  Marine x2  
  83  6:05  Marauder  
  83  6:09  Concussive Shells  
  83  6:10  SCV x2  
  89  6:15  Supply Depot  
  89  6:17  Supply Depot  
  88  6:36  Marine  
  88  6:37  Marine x3  
  88  6:38  Medivac x2, Marauder  
  98  6:58  Barracks  
  98  6:59  Barracks  
  98  7:01  Barracks  
  92  7:14  SCV x2  
  92  7:15  Orbital Command  
  69  7:26  SCV  
  69  7:29  Medivac x2  
  66  7:30  Marine x4  
  66  7:31  Marauder  
  66  7:36  SCV  
  71  7:38  SCV  
  69  7:46  Refinery x2  
  69  7:48  SCV  
  69  7:50  SCV  
  71  7:56  Marine x2  
  71  7:57  Barracks Reactor x2, Barracks Tech Lab  
  73  7:58  Marine x2  
  73  8:00  SCV  
  73  8:01  SCV  
  77  8:15  Marine x3  
  77  8:18  Terran Infantry Armor Level 1  
  80  8:22  Supply Depot x2  
  80  8:23  Armory  
  80  8:26  SCV  
  81  8:28  Marine x2  
  81  8:29  Engineering Bay  
  67  8:34  Marine  
  67  8:35  Marine x3  
  62  8:49  Marauder  
  62  8:50  Marauder, Marine x4  
  62  8:51  SCV  
  62  8:52  SCV x2  
  67  8:55  Medivac  
  67  8:57  Medivac  
  71  9:04  SCV x3  
  74  9:12  Marine x2  
  74  9:16  SCV x2  
  68  9:17  Marine x3  
  68  9:18  Marine  
  68  9:19  Marine, Marauder  
  77  9:26  Medivac  
  77  9:27  Marine, Medivac  
  75  9:39  Marine x2  
  75  9:40  Marine x2  
  75  9:42  Marine  
  82  9:52  SCV x2  
  84  9:57  Marine x2  
  84  9:58  Marine x3  
  84  9:59  Marauder  
Show
View Real Time Build Order
Export as new Build Order

LÉopOLDineFr Terran - Winner!

Build Orders:  

Get SALT Encoding   

  12  0:01  SCV  
  13  0:13  SCV  
  14  0:19  Supply Depot  
  14  0:25  SCV  
  15  0:40  SCV  
  16  0:42  Barracks  
  16  0:48  Refinery  
  16  0:52  SCV  
  17  1:04  SCV  
  18  1:16  SCV  
  19  1:31  Orbital Command  
  19  1:32  Marine  
  20  1:44  Command Center  
  20  1:52  Factory  
  20  2:02  Supply Depot  
  20  2:04  SCV  
  21  2:10  Barracks Reactor  
  21  2:17  SCV  
  22  2:29  SCV, Refinery  
  23  2:36  Hellion  
  25  2:41  SCV  
  24  2:53  SCV  
  24  2:57  Factory  
  25  3:03  Orbital Command  
  25  3:05  Hellion x2  
  29  3:09  Barracks Tech Lab  
  29  3:12  SCV  
  30  3:24  SCV, Refinery  
  31  3:28  Hellion  
  33  3:37  SCV, Hellion  
  33  3:38  SCV  
  37  3:42  Supply Depot  
  37  3:51  Infernal Pre-Igniter  
  37  3:58  SCV  
  37  4:01  SCV  
  42  4:04  Siege Tank  
  42  4:10  SCV  
  42  4:12  Supply Depot  
  42  4:13  SCV  
  44  4:20  Starport  
  44  4:22  Starport  
  44  4:24  SCV  
  44  4:25  SCV  
  46  4:36  Widow Mine x2  
  50  4:43  Siege Tank  
  50  4:44  SCV x2  
  55  4:49  Supply Depot  
  55  4:58  Medivac  
  57  5:02  Starport Tech Lab  
  57  5:05  SCV x2  
  59  5:08  Supply Depot  
  59  5:09  Supply Depot  
  59  5:17  SCV x2  
  61  5:38  SCV x2  
  61  5:39  Banshee  
  61  5:40  Engineering Bay  
  61  5:41  Viking  
  68  5:52  Siege Tank  
  68  5:53  Hellion  
  68  5:54  Hellion, Cloaking Field  
  68  5:56  SCV x2  
  77  6:02  Command Center  
  77  6:04  Supply Depot  
  77  6:08  SCV  
  77  6:09  Armory, SCV  
  79  6:14  Refinery  
  79  6:20  SCV  
  79  6:21  SCV  
  79  6:23  Missile Turret  
  79  6:25  Raven  
  81  6:28  Missile Turret x2  
  81  6:41  Viking  
  81  6:45  Hellion x2  
  87  6:52  SCV x2  
  89  7:17  Siege Tank  
  89  7:18  Hellion x2, Viking  
  81  7:44  Hellion x2  
  85  7:45  Banshee  
  85  7:49  Siege Tank  
  91  8:08  Viking  
  93  8:14  SCV x2  
  95  8:21  Siege Tank  
  95  8:24  Missile Turret  
  95  8:25  Missile Turret  
  95  8:26  SCV x2  
  100  8:27  Orbital Command  
  100  8:28  Viking  
  100  8:30  Missile Turret  
  102  8:38  Hellion x2, Missile Turret  
  106  8:52  Viking  
  106  8:55  SCV x2  
  108  8:59  Viking  
  110  9:03  Missile Turret  
  110  9:06  Refinery  
  110  9:07  SCV  
  110  9:08  Refinery  
  111  9:14  Hellion x2  
  115  9:20  Factory  
  115  9:22  Viking  
  117  9:30  Barracks Reactor  
  117  9:50  Factory  
  117  9:56  Hellion  
Tags
 
Add a new tag
Caveats
  • Supply blocks, unpowered buildings, or Contaminate may cause inaccurate times.
  • Supply counts are checked every 10 seconds.